 Dungeon Crawl Stone Soup version 0.26-a0-1026-g544776af23 (webtiles) character file.

Game seed: 3853391979374049848

50272 sahdkjhfkaj the Severer (level 14, -5/124 HPs)
             Began as a Minotaur Berserker on Dec 9, 2020.
             Was the Champion of Trog.
             Succumbed to poison (poison gas)
             ... on level 6 of the Lair of Beasts.
             The game lasted 00:17:21 (20338 turns).

sahdkjhfkaj the Severer (Minotaur Berserker)       Turns: 20338, Time: 00:17:21

Health: -5/124     AC: 25    Str: 28    XL:     14   Next: 19%
Magic:  1/13       EV: 14    Int:  2    God:    Trog [******]
Gold:   296        SH: 21    Dex:  9    Spells: 13/13 levels left

rFire    . . .     SeeInvis .   a - +3 broad axe (flame)
rCold    + + .     Faith    .   B - +0 tower shield
rNeg     + + .     Spirit   +   R - +4 plate armour "Diliegur" {Harm rElec rN++ Int-2}
rPois    .         Reflect  .   (helmet restricted)
rElec    +         Harm     +   L - +2 cloak {rC+}
rCorr    .         Rampage  .   y - +0 pair of gloves
Will     +....                  o - +0 pair of boots
Stlth    ..........             l - amulet of guardian spirit
HPRegen  0.30/turn              Q - +4 ring of evasion
MPRegen  0.13/turn              k - ring of protection from cold

@: lethally poisoned (-5 -> -94)
A: retaliatory headbutt, horns 2
a: Berserk, Trog's Hand, Brothers in Arms, Renounce Religion


You were on level 6 of the Lair of Beasts.
You worshipped Trog.
Trog was exalted by your worship.
You visited 2 branches of the dungeon, and saw 16 of its levels.
You also visited: Ice Cave.

You collected 1209 gold pieces.
You spent 913 gold pieces at shops.

Inventory:

Hand Weapons
 a - a +3 broad axe of flaming (weapon)
Missiles
 c - 335 stones (quivered)
Armour
 o - a +0 pair of boots (worn)
 y - a +0 pair of gloves (worn)
 B - a +0 tower shield (worn)
 L - a +2 cloak of cold resistance (worn)
 R - the +4 plate armour "Diliegur" (worn) {Harm rElec rN++ Int-2}
   (You bought it in a shop on level 9 of the Dungeon)

   It affects your intelligence (-2).
   It insulates you from electricity.
   It greatly protects you from negative energy.
   It increases damage dealt and taken.
Jewellery
 k - a ring of protection from cold (right hand)
 l - an amulet of guardian spirit (around neck)
 F - a cursed amulet of inaccuracy {unknown}
 Q - a +4 ring of evasion (left hand)
Wands
 p - a wand of acid (10)
 z - a wand of iceblast (64)
 H - a wand of disintegration (18)
 K - a wand of random effects (22)
 O - a wand of digging (4)
Scrolls
 e - 8 scrolls of enchant weapon
 f - 3 scrolls of immolation
 g - 9 scrolls of remove curse
 j - a scroll of torment
 n - 5 scrolls of enchant armour
 q - 2 scrolls of fear
 w - 5 scrolls of teleportation
 x - 2 scrolls of vulnerability
 C - 2 scrolls of silence
 G - a scroll of summoning
 M - 2 scrolls of fog
 N - a scroll of brand weapon
 P - a scroll of blinking
Potions
 b - 10 potions of heal wounds
 d - a potion of haste {unknown}
 h - a potion of degeneration {unknown}
 i - 2 potions of berserk rage
 m - 3 potions of lignification
 r - 7 potions of curing
 s - 2 potions of brilliance {unknown}
 t - 4 potions of resistance
 u - 2 potions of flight {unknown}
 v - 4 potions of cancellation
 A - 2 potions of mutation
 D - 3 potions of attraction {unknown}
 E - 5 potions of ambrosia
 I - 3 potions of might {unknown}


   Skills:
 + Level 11.6 Fighting
 * Level 15.2 Axes
 + Level 11.3 Armour
 + Level 10.4 Dodging
 * Level 15.1 Shields
 - Level 5.0 Evocations


You had 13 spell levels left.
You didn't know any spells.
Your spell library was empty.

Dungeon Overview and Level Annotations

Branches:
Dungeon (10/15)            Temple (0/1) D:7            Lair (6/6) D:8
  Swamp (0/4) Lair:3        Snake (0/4) Lair:2        Slime (0/5) Lair:5
  IceCv (visited)
    Orc: D:9-12

Altars:
Cheibriados
Dithmenos
Elyvilon
Gozag
Kikubaaqudgha
Makhleb
Nemelex Xobeh
Okawaru
Qazlal
Trog
Uskayaw
Vehumet
Wu Jian
Zin
Jiyva

Shops:
D:6 *   D:9 [

Annotations:
D:7 need digging


Innate Abilities, Weirdness & Mutations

You reflexively headbutt those who attack you in melee.
You have a pair of horns on your head.


Message History

* * * LOW HITPOINT WARNING * * *
x2 You feel very sick.
You completely miss the swamp dragon.
The swamp dragon is severely wounded.
You barely miss the fire dragon.
You are engulfed in poison gas.
You are more poisoned.
* * * LOW HITPOINT WARNING * * *
x2 You feel very sick.
The fire dragon breathes flames at you. The blast of flame hits you!
* * * LOW HITPOINT WARNING * * *
You block the swamp dragon's attack. The swamp dragon closely misses you.
You block the swamp dragon's attack.
You slash the swamp dragon! You burn the swamp dragon.
You kill the swamp dragon!
Trog accepts your kill.
You hit the fire dragon.
You are engulfed in poison gas.
You are more poisoned.
* * * LOW HITPOINT WARNING * * *
You die...

*,#.P.....##
*,#.P.....P#
###.......P#
#.PP.......#
..........**
.......#*** ≈≈.P.###
♣♣♣♣♣♣♣♣ ♣≈≈.♣♣♣♣
♣♣P≈≈...♣♣
♣♣..♣♣.♣♣♣♣..≈○≈@☼.♣
♣♣≈≈♣♣...♣.≈≈≈≈°D☼.♣♣
♣.≈♣♣♣..♣♣.≈.♣♣☼○○..♣
♣≈≈.♣..♣..≈♣♣♣.≈≈≈≈.♣
♣♣≈≈♣l.♣..≈♣.♣♣.≈≈≈≈♣
♣.(.≈♣♣♣..≈.♣♣.≈≈≈≈≈♣
♣♣.≈.♣♣P.≈.♣♣♣≈≈≈≈≈.♣
♣P.♣.≈♣♣≈≈.♣*.≈.≈≈≈≈♣
♣♣.♣♣.≈≈♣.♣♣♣♣P.≈≈≈≈♣


You could see a fire dragon (catching breath).

Vanquished Creatures
  Snorg (Lair:5)
  4 hydras
  Harold (Lair:2)
  A boulder beetle (Lair:6)
  3 catoblepae
  A two-headed ogre (D:9)
  Urug (Lair:5)
  An unseen horror (D:10)
  A swamp dragon (Lair:6)
  Pikel (D:7)
  A necromancer (IceCv)
  A manticore (D:10)
  18 elephants
  An ice statue (IceCv)
  5 black mambas
  11 cane toads
  2 rime drakes
  A torpor snail (Lair:3)
  10 freezing wraiths (IceCv)
  8 komodo dragons
  A queen bee (Lair:5)
  The ghost of ThatOtherGuy53 the Chopper, an amateur HOMo (D:4)
  A troll (D:10)
  A meliai (Lair:5)
  2 polar bears
  12 blink frogs
  4 wyverns
  A wraith (D:10)
  8 basilisks
  3 steam dragons (Lair:6)
  39 yaks
  Edmund (D:6)
  2 acid dragons (Lair:6)
  25 water moccasins
  5 black bears
  6 orc warriors
  9 ice beasts
  4 sky beasts
  A phantom (D:5)
  A swamp drake (Lair:6)
  An alligator simulacrum (IceCv)
  2 centaurs
  9 wolves (Lair:5)
  4 ogres
  2 big kobolds (D:8)
  19 bullfrogs
  A gnoll sergeant (D:9)
  7 scorpions
  An elephant simulacrum (IceCv)
  12 killer bees (Lair:5)
  4 wights (D:8)
  2 howler monkeys
  A bullfrog zombie (D:7)
  3 quasits (D:4)
  5 hounds
  3 draconian simulacra (IceCv)
  3 centaur zombies
  4 jellies
  A centaur skeleton (D:8)
  A gnoll shaman (D:7)
  6 orc priests
  Ijyb (D:5)
  5 iguanas
  13 orc wizards
  2 polar bear simulacra (IceCv)
  2 worker ants
  2 spriggan simulacra (IceCv)
  6 troll simulacra (IceCv)
  A killer bee zombie (D:10)
  A centaur simulacrum (IceCv)
  2 hound zombies
  2 hound skeletons (D:8)
  A mummy (D:9)
  10 gnolls
  14 adders
  5 naga simulacra (IceCv)
  3 ogre simulacra (IceCv)
  4 shadow imps
  14 white imps
  2 ufetubi
  An adder zombie (D:4)
  An adder skeleton (D:7)
  3 worms
  A dart slug (D:1)
  5 leopard geckos
  31 orcs
  4 giant cockroaches
  13 hobgoblins
  9 jackals
  14 kobolds
  A quokka (D:7)
  3 ball pythons
  A ball python skeleton (D:5)
  15 bats
  4 frilled lizards
  16 goblins
  2 jackal skeletons
  A leopard gecko zombie (D:7)
  12 rats
518 creatures vanquished.

Vanquished Creatures (collateral kills)
  A two-headed ogre (D:10)
  2 meliai (Lair:5)
  A shadow (D:10)
  8 killer bees (Lair:5)
  A worker ant (D:10)
  A worker ant zombie (D:10)
14 creatures vanquished.

Vanquished Creatures (others)
  A bullfrog skeleton (D:6)
  65 fungi
  56 plants
122 creatures vanquished.

Grand Total: 654 creatures vanquished

Notes
Turn   | Place    | Note
-------+----------+-------------------------------------------
     0 | D:1      | sahdkjhfkaj the Minotaur Berserker began the quest for the
                  | Orb.
     0 | D:1      | Reached XP level 1. HP: 19/19 MP: 0/0
   394 | D:1      | Reached XP level 2. HP: 27/27 MP: 1/1
   755 | D:1      | Reached XP level 3. HP: 26/33 MP: 2/2
   790 | D:1      | Reached ** piety under Trog
  1435 | D:2      | Reached XP level 4. HP: 40/40 MP: 3/3
  2498 | D:3      | Reached skill level 5 in Axes
  2536 | D:3      | Found an opulent altar of Gozag.
  3242 | D:4      | Noticed ThatOtherGuy53's ghost (amateur HOMo)
  3255 | D:4      | Reached XP level 5. HP: 39/47 MP: 2/4
  3273 | D:4      | Found a transporter.
  3535 | D:4      | Killed ThatOtherGuy53's ghost
  3536 | D:4      | Reached skill level 5 in Fighting
  3536 | D:4      | Reached XP level 6. HP: 38/56 MP: 0/5
  3551 | D:4      | Found a transporter.
  3878 | D:4      | Reached XP level 7. HP: 61/61 MP: 6/6
  3914 | D:4      | Found a sparkling altar of Nemelex Xobeh.
  3922 | D:4      | Reached *** piety under Trog
  4124 | D:4      | Found an ancient bone altar of Kikubaaqudgha.
  4737 | D:5      | Entered Level 5 of the Dungeon
  5014 | D:5      | Reached skill level 5 in Armour
  5093 | D:5      | Found a shadowy altar of Dithmenos.
  5210 | D:5      | Found a bloodstained altar of Trog.
  5510 | D:5      | Reached skill level 5 in Dodging
  5510 | D:5      | Reached XP level 8. HP: 70/70 MP: 7/7
  5594 | D:5      | Noticed Ijyb
  5601 | D:5      | Killed Ijyb
  5722 | D:5      | Found a hide-covered altar of Uskayaw.
  5807 | D:6      | Reached skill level 1 in Evocations
  5969 | D:6      | Found Ynos's Mass Market.
  5977 | D:6      | Bought a +0 tower shield for 45 gold pieces
  6016 | D:6      | Reached skill level 1 in Shields
  6102 | D:6      | Found an ornate altar of the Wu Jian Council.
  6312 | D:6      | Found a radiant altar of Vehumet.
  6315 | D:6      | Noticed Edmund
  6323 | D:6      | Killed Edmund
  6596 | D:7      | Found a staircase to the Ecumenical Temple.
  6604 | D:7      | Reached skill level 5 in Evocations
  6641 | D:7      | Reached **** piety under Trog
  6782 | D:7      | Reached XP level 9. HP: 72/75 MP: 8/8
  6810 | D:7      | Reached skill level 5 in Shields
  7122 | D:7      | Noticed Pikel
  7129 | D:7      | Killed Pikel
  7439 | D:7      | Found a white marble altar of Elyvilon.
  7440 | D:7      | Found a stormy altar of Qazlal.
  7440 | D:7      | Found an iron altar of Okawaru.
  8147 | D:8      | Reached ***** piety under Trog
  8430 | D:8      | Reached XP level 10. HP: 84/84 MP: 9/9
  8587 | D:8      | Found a staircase to the Lair.
  9007 | D:9      | Noticed a two-headed ogre
  9016 | D:9      | Killed a two-headed ogre
  9017 | D:9      | Reached skill level 10 in Axes
  9259 | D:9      | You fall into a shaft and drop 1 floor!
  9259 | D:10     | Entered Level 10 of the Dungeon
  9312 | D:10     | Reached skill level 10 in Shields
  9497 | D:9      | Found a snail-covered altar of Cheibriados.
  9515 | D:9      | Found a glowing silver altar of Zin.
  9519 | D:9      | Found a burning altar of Makhleb.
  9645 | D:9      | Found Duolud's Antique Armour Boutique.
 10031 | D:10     | Reached XP level 11. HP: 58/94 MP: 6/10
 10439 | D:10     | Noticed a two-headed ogre
 10454 | D:10     | Killed an unseen horror
 10466 | D:10     | Killed a two-headed ogre
 11186 | Lair:1   | Entered Level 1 of the Lair of Beasts
 11365 | Lair:1   | Noticed a seven-headed hydra
 11369 | Lair:1   | Killed a seven-headed hydra
 11784 | Lair:1   | Noticed a six-headed hydra
 11793 | Lair:1   | Killed a six-headed hydra
 12542 | Lair:2   | Noticed a catoblepas
 12544 | Lair:2   | Noticed Harold
 12564 | Lair:2   | Killed a catoblepas
 12571 | Lair:2   | Killed Harold
 12818 | Lair:2   | Reached XP level 12. HP: 95/104 MP: 11/11
 13057 | Lair:2   | Found a staircase to the Snake Pit.
 14039 | Lair:3   | Reached ****** piety under Trog
 14039 | Lair:3   | Received a gift from Trog
 14346 | Lair:3   | Noticed a seven-headed hydra
 14359 | Lair:3   | Killed an eight-headed hydra
 14412 | Lair:3   | Reached skill level 10 in Fighting
 14949 | Lair:3   | Found a staircase to the Swamp.
 14970 | Lair:3   | Noticed a catoblepas
 14982 | Lair:3   | Killed a catoblepas
 15185 | Lair:3   | Reached skill level 10 in Armour
 15197 | Lair:3   | Reached XP level 13. HP: 54/114 MP: 7/12
 16387 | D:9      | Bought a distressingly furry plate armour for 868 gold
                  | pieces
 16397 | D:9      | Identified the +4 plate armour "Diliegur" {Harm rElec rN++
                  | Int-2} (You bought it in a shop on level 9 of the Dungeon)
 17133 | Lair:5   | Found a staircase to the Slime Pits.
 17133 | Lair:5   | Found a viscous altar of Jiyva.
 17325 | Lair:5   | Noticed Urug
 17337 | Lair:5   | Killed Urug
 17711 | Lair:5   | Received a gift from Trog
 18004 | Lair:5   | Noticed Snorg
 18010 | Lair:5   | Killed Snorg
 18287 | Lair:5   | Reached skill level 10 in Dodging
 18598 | Lair:6   | Entered Level 6 of the Lair of Beasts
 18602 | Lair:6   | Found a frozen archway.
 18611 | IceCv    | Entered an ice cave
 18937 | IceCv    | Found an ancient bone altar of Kikubaaqudgha.
 19138 | IceCv    | Received a gift from Trog
 19636 | Lair:6   | Reached XP level 14. HP: 116/124 MP: 13/13
 19694 | Lair:6   | Reached skill level 15 in Axes
 19808 | Lair:6   | Reached skill level 15 in Shields
 20337 | Lair:6   | HP: 3/124 [fire dragon/blast of flame (9)]
 20338 | Lair:6   | Succumbed to poison (poison gas)

Illustrated notes

Levels and vault maps discovered:
D:1:      dpeg_arrival_orchard, layout_loops_ring
D:2:      layout_basic
D:3:      layout_loops_corners, grunt_gozag_breadcrumbs
D:4:      cheibrodos_greedy_goblins, layout_cave_pods, old_standard_altar,
          old_standard_altar, gammafunk_ghost_stat_death
D:5:      layout_loops_ring, bloody_trog, kennysheep_mini_moat,
          marbit_many_paths, kennysheep_generic_room_16, uniq_ijyb
D:6:      layout_loops_ring, kennysheep_little_box, fiery_altar_vehumet,
          serial_aquarium, aquarium_bridge_square [aquarium_subvault_wall,
          aquarium_subvault_wall, aquarium_subvault_bridge,
          aquarium_subvault_bridge], aquarium_bridge_straight
          [aquarium_subvault_bridge, aquarium_subvault_window,
          aquarium_subvault_bridge, aquarium_subvault_wall], aquarium_window_2,
          aquarium_window_fake, aquarium_window_1, aquarium_view_2a,
          aquarium_view_2c, minmay_shop_mass, uniq_edmund
D:7:      layout_basic, chequers_temple_overflow_statue_of_worship,
          minmay_temple_entry_large_hall, grunt_ministairs_1,
          ebering_dispersal_statue_hall, due_unseen_surprise, uniq_pikel
D:8:      layout_loops_ring, lair_entry_dummy
D:9:      layout_roguey, slow_altar_1, lemuel_crystal_altar,
          lemuel_crystal_altar, serial_shops, nicolae_shop_trees,
          minmay_crystal_room, hangedman_decor_opposing
D:10:     minmay_the_grid_four_pointed_star
          [minmay_the_grid_triangle_9x9_descending_squares,
          minmay_the_grid_triangle_9x9_semitri,
          minmay_the_grid_triangle_9x9_intruding_spiral,
          minmay_the_grid_triangle_9x9_sparse_checkered,
          minmay_the_grid_prize_big_room], layout_stronghold,
          serial_column_ruins, column_ruins_square_large, column_ruins_grid_1,
          column_ruins_grid_1, column_ruins_open_small, column_ruins_open_tiny,
          column_ruins_columns_straight
Lair:1:   layout_gridlike, beast_lair_carwin_4
Lair:2:   layout_concentric_octagons, minmay_snake_entry_six_corridors,
          uniq_harold
Lair:3:   layout_long_grid, minmay_swamp_entry_reptiles, beast_lair_carwin_8
Lair:4:   layout_roguey
Lair:5:   layout_loops_ring, slime_altar_1, special_room [special_room_bee],
          uniq_snorg, uniq_urug
Lair:6:   guppyfry_lair_end_dragon, layout_hall_layers,
          hangedman_lair_caniforms_friends, nicolae_volcano_entry_s_turn,
          portal_ice_cave_entry_pillars_1, infiniplex_staircase_pool_2,
          grunt_megastairs_3

Skill      XL: |  1  2  3  4  5  6  7  8  9 10 11 12 13 14 |
---------------+-------------------------------------------+-----
Axes           | 4 5 6 7 8 9 10 12 13 14 15 | 15.2
Fighting       | 4 5 6 8 9 10 11 | 11.6
Armour         | 3 4 5 6 7 8 10 11 | 11.3
Dodging        | 3 4 5 6 8 9 10 | 10.4
Evocations     | 5 |  5.0
Shields        | 4 8 10 12 13 14 15 | 15.1

Action                   |  1- 3 |  4- 6 |  7- 9 | 10-12 | 13-15 || total
-------------------------+-------+-------+-------+-------+-------++-------
Melee: Hand axe          |    72 |    95 |    41 |       |       ||   208
       Headbutt          |    10 |     6 |    76 |   179 |   105 ||   376
       War axe           |       |       |   264 |   614 |   380 ||  1258
       Broad axe         |       |       |       |       |    83 ||    83
Throw: Stone             |    27 |     7 |       |       |       ||    34
Invok: Berserk           |     1 |     1 |     2 |     3 |     1 ||     8
       Brothers in Arms  |       |       |       |     1 |     1 ||     2
       Trog's Hand       |       |       |       |     1 |     1 ||     2
Evoke: Wand              |       |       |     3 |    16 |       ||    19
  Use: Scroll            |       |     2 |     7 |     7 |     8 ||    24
       Potion            |       |     2 |       |       |     1 ||     3
 Stab: Petrified         |       |       |       |     4 |       ||     4
Armor: Animal skin       |    21 |       |       |       |       ||    21
       Leather armour    |       |    32 |     5 |       |       ||    37
       Scale mail        |       |       |    54 |       |       ||    54
       Plate armour      |       |       |    37 |   189 |   176 ||   402
Dodge: Dodged            |    51 |    61 |    96 |   172 |   172 ||   552
Block: Tower shield      |       |       |   191 |   639 |   493 ||  1323

Table legend: (Time is in decaauts)
 A = Elapsed time spent in this place.
 B = Non-inter-level travel time spent in this place.
 C = Inter-level travel time spent in this place.
 D = Time resting spent in this place.
 E = Time spent auto-exploring this place.
 F = Levels seen in this place.
 G = Mean time per level.
                   A        B        C        D        E       F      G
               +--------+--------+--------+--------+--------+-----+--------+
         Total |  20460 |  19519 |    941 |   1335 |  15036 |  17 | 1203.5 |
       Dungeon |  11501 |  10838 |    663 |   1032 |   8151 |  10 | 1150.1 |
          Lair |   7950 |   7672 |    278 |    293 |   6218 |   6 | 1325.0 |
      Ice Cave |   1008 |   1008 |      0 |     10 |    666 |   1 | 1008.0 |
               +--------+--------+--------+--------+--------+-----+--------+

Top non-repeatable levels by time:
  Lair:3: 2039 daAuts
  Lair:5: 1553 daAuts
  Lair:2: 1541 daAuts
     D:4: 1541 daAuts
    D:10: 1376 daAuts
  Lair:1: 1265 daAuts
     D:9: 1236 daAuts
     D:7: 1212 daAuts
     D:1: 1208 daAuts
     D:2: 1171 daAuts
     D:5: 1065 daAuts
     D:8: 1050 daAuts
   IceCv: 1008 daAuts
     D:3: 845 daAuts
  Lair:4: 811 daAuts
